 Dungeon Crawl Stone Soup version 0.30-a0-847-g17996783a1 (webtiles) character file.

Game seed: 9783793920160922502

2760 cforsyth the Covert (level 10, -1/56 HPs)
             Began as a Kobold Brigand on Mar 4, 2023.
             Was a Follower of Hepliaklqana.
             Slain by a sky beast (6 damage)
             ... on level 7 of the Dungeon.
             The game lasted 00:11:05 (7685 turns).

cforsyth the Covert (Kobold Brigand)                Turns: 7685, Time: 00:11:06

Health: -1/56      AC:  8    Str:  8    XL:     10   Next: 0%
Magic:  10/10      EV: 19    Int: 14    God:    Hepliaklqana [*.....]
Gold:   264        SH:  0    Dex: 20    Spells: 9/9 levels left

rFire   + . .      SeeInvis .    r - +1 dagger (drain)
rCold   . . .      Faith    .    (no shield)
rNeg    . . .      Spirit   .    E - +2 leather armour {rF+}
rPois   .          Reflect  .    q - +0 helmet
rElec   .          Rampage  .    s - +0 cloak "Setameqe" {rCorr}
rCorr   +                        (no gloves)
Will    .....                    l - +0 pair of boots
Stlth   ++++++                   (no amulet)
HPRegen 0.29/turn                (no ring)
MPRegen 0.12/turn                (no ring)

@: no status effects
A: reduced essence, small, no large weapons, nightstalker 3
a: Renounce Religion, Recall Ancestor, Ancestor Identity


You were on level 7 of the Dungeon.
You worshipped Hepliaklqana.
Hepliaklqana was aware of your devotion.
You visited 2 branches of the dungeon, and saw 9 of its levels.

You collected 264 gold pieces.

Inventory:

Hand Weapons
 a - a +2 dagger
 r - a +1 dagger of draining (weapon)
 u - a +0 rapier
 D - a +2 short sword of venom
Missiles
 d - 12 poisoned darts (quivered)
 e - 3 curare-tipped darts
Armour
 b - a +0 robe
 c - a +0 cloak
 l - a +0 pair of boots (worn)
 n - a +1 robe of willpower
 q - a +0 helmet (worn)
 s - the +0 cloak "Setameqe" (worn) {rCorr}
   (You found it on level 2 of the Dungeon)

   rCorr:     It protects you from acid and corrosion.
 E - a +2 leather armour of fire resistance (worn)
Jewellery
 g - a ring of fire
 H - an amulet of guardian spirit
Wands
 w - a wand of mindburst (13)
Scrolls
 f - 4 scrolls of identify
 m - a scroll of teleportation
 o - a scroll of vulnerability {unknown}
 t - 4 scrolls of fog
 v - a scroll of immolation {unknown}
 y - a scroll of enchant armour {unknown}
 A - a scroll of acquirement {unknown}
 B - a scroll of blinking {unknown}
 C - 2 scrolls of amnesia {unknown}
 F - a scroll of silence {unknown}
 G - a scroll of poison {unknown}
 I - a scroll of noise {unknown}
Potions
 h - 2 potions of lignification {unknown}
 i - a potion of mutation {unknown}
 j - 2 potions of flight {unknown}
 k - 7 potions of curing
 p - a potion of berserk rage {unknown}
 x - 3 potions of heal wounds
 z - 2 potions of degeneration {unknown}


   Skills:
 + Level 7.4 Fighting
 + Level 8.8 Short Blades
 - Level 2.1 Throwing
 + Level 7.8 Dodging
 + Level 10.7 Stealth


You had 9 spell levels left.
You didn't know any spells.
Your spell library contained the following spells:

 Spells                   Type           Power      Damage    Failure   Level
 Freeze                   Ice            0%         1d3       38%         1
 Necrotise                Necr           0%         1d4       38%         1
 Blink                    Tloc           0%         N/A       54%         2
 Lesser Beckoning         Tloc           0%         N/A       54%         2
 Frozen Ramparts          Ice            0%         1d1       77%         3
 Gell's Gravitas          Tloc           0%         N/A       77%         3
 Hailstorm                Conj/Ice       0%         3d3       77%         3
 Ignite Poison            Fire/Tmut/Pois 0%         N/A       77%         3
 Inner Flame              Hex/Fire       0%         N/A       77%         3
 Kindle Blastsparks       Fire/Tloc/Air  0%         2d10      77%         3
 Ozocubu's Armour         Ice            0%         N/A       77%         3
 Teleport Other           Tloc           0%         N/A       77%         3
 Vampiric Draining        Necr           0%         2d6       77%         3
 Flame Wave               Conj/Fire      0%         2d4       99%         4
 Ice Form                 Ice/Tmut       0%         N/A       99%         4
 Manifold Assault         Tloc           0%         N/A       99%         4
 Sticky Flame             Conj/Fire      0%         2d3       99%         4
 Agony                    Necr           0%         N/A       100%        5
 Freezing Cloud           Conj/Ice/Air   0%         6-21      100%        5
 Simulacrum               Ice/Necr       0%         N/A       100%        6
 Malign Gateway           Summ/Tloc      0%         N/A       100%        7
 Ozocubu's Refrigeration  Ice            0%         4d7       100%        7
 Storm Form               Tmut/Air       0%         N/A       100%        7
 Summon Horrible Things   Summ           0%         N/A       100%        8


Dungeon Overview and Level Annotations

Branches:
Dungeon (8/15)             Temple (1/1) D:5
   Lair: D:8-11

Altars:
Ashenzari
Cheibriados
Fedhas
Gozag
Hepliaklqana
Kikubaaqudgha
Makhleb
Nemelex Xobeh
Okawaru
Qazlal
Sif Muna
Trog
Uskayaw
Vehumet
Wu Jian
Xom
Yredelemnul

Shops:
D:3 [

Annotations:
D:5 3 runed translucent doors
D:8 Grum


Innate Abilities, Weirdness & Mutations

Your life essence is reduced to manifest your ancestor. (-10% HP)
You are small and have problems with some larger weapons.
You are completely attuned to the shadows.


Message History

You hit Maggie.
Maggie is severely wounded.
Maggie mumbles some strange words.
Maggie attempts to bespell you! You resist with almost no effort.
Decima hits Maggie but does no damage.
A sky beast comes into view.
You closely miss Maggie.
Maggie is severely wounded.
You hit Maggie. You drain Maggie.
Maggie is almost dead.
Decima barely misses Maggie.
Maggie completely misses you.
You hit Maggie.
Maggie is almost dead.
You hit Maggie.
Maggie is almost dead.
Maggie gestures wildly while chanting.
Maggie attempts to bespell you! You resist with almost no effort.
The sky beast flickers out of sight!
Deactivating autopickup; reactivate with Ctrl-A.
Decima hits Maggie.
Maggie dies!
You have reached level 10!
You feel clever.
Decima remembers more of her old skill.
Unknown command.
You swap places.
Something hits you but does no damage.
Decima hits something.
You see here a +0 shortbow.
Something hits you.
* * * LOW HITPOINT WARNING * * *
Something shocks you.
* * * LOW HITPOINT WARNING * * *
Decima closely misses something.
Something hits you but does no damage. Something hits you but does no damage.
There is a stone staircase leading up here.
Something hits you.
* * * LOW HITPOINT WARNING * * *
Something shocks you.
You die...

#....)#.....#.
.....))#.#.#..
#.....#.....#
#...).#..#..# #
###.#####.###.#
..⌠ #.......#
... #.#.R####
⌠..##.# ..#.
#@# .(#. #.#
..# ####


You could see the friendly Decima the ancestor.

Vanquished Creatures
  Sigmund (D:2)
  A wyvern (D:7)
  Eustachio (D:6)
  A steam dragon (D:6)
  2 ice beasts
  2 black bears
  An ogre (D:5)
  2 centaurs
  A kobold brigand (D:7)
  A bullfrog (D:6)
  2 scorpions
  2 howler monkeys (D:7)
  3 orc priests
  2 hounds (D:6)
  2 jellies
  2 gnoll boudas
  A sleepcap (D:6)
  4 iguanas
  7 orc wizards
  Robin (D:2)
  10 adders
  16 gnolls
  A white imp (D:7)
  2 ufetubi
  2 worms (D:2)
  5 dart slugs
  14 orcs
  8 endoplasms
  8 giant cockroaches
  14 goblins
  16 hobgoblins
  5 quokkas
  9 ball pythons
  6 bats
  3 frilled lizards
  8 kobolds
  8 rats
  A bush (D:4)
175 creatures vanquished.

Vanquished Creatures (collateral kills)
  Maggie (D:7)
  A gnoll (D:6)
  An orc (D:6)
3 creatures vanquished.

Vanquished Creatures (others)
  5 plants
5 creatures vanquished.

Grand Total: 183 creatures vanquished

Notes
Turn   | Place    | Note
-------+----------+-------------------------------------------
     0 | D:1      | cforsyth the Kobold Brigand began the quest for the Orb.
     0 | D:1      | Reached XP level 1. HP: 12/12 MP: 1/1
   200 | D:1      | Reached XP level 2. HP: 18/18 MP: 2/2
   445 | D:1      | Reached XP level 3. HP: 20/22 MP: 3/3
   871 | D:2      | You fall into a shaft and drop 1 floor!
   934 | D:3      | Found Leumes's Armour Shop.
  1158 | D:2      | Found an iron altar of Okawaru.
  1421 | D:2      | Noticed Sigmund
  1425 | D:2      | Killed Sigmund
  1426 | D:2      | Reached skill level 6 in Stealth
  1426 | D:2      | Reached XP level 4. HP: 29/29 MP: 4/4
  1426 | D:2      | Reached XP level 5. HP: 33/33 MP: 5/5
  1426 | D:2      | Reached XP level 6. HP: 38/38 MP: 6/6
  1783 | D:2      | Noticed Robin
  1817 | D:2      | Killed Robin
  2044 | D:2      | Identified the +0 cloak "Setameqe" {rCorr}
  2309 | D:3      | Reached skill level 7 in Stealth
  3041 | D:4      | Noticed a black bear
  3046 | D:4      | Killed a black bear
  3047 | D:4      | Reached skill level 5 in Short Blades
  3047 | D:4      | Reached XP level 7. HP: 44/44 MP: 7/7
  3913 | D:5      | Entered Level 5 of the Dungeon
  3915 | D:5      | Found a burning altar of Makhleb.
  4345 | D:5      | Reached skill level 8 in Stealth
  4345 | D:5      | Reached XP level 8. HP: 22/48 MP: 8/8
  4392 | D:5      | Reached skill level 5 in Fighting
  4392 | D:5      | Reached skill level 5 in Dodging
  4717 | D:5      | Found a broken altar of Ashenzari.
  4723 | D:5      | Found a shimmering altar of Xom.
  4872 | D:5      | Found a runed translucent gate.
  4873 | D:5      | Found a runed translucent gate.
  4873 | D:5      | Found a runed translucent gate.
  4905 | D:5      | Found a staircase to the Ecumenical Temple.
  4916 | Temple   | Entered the Ecumenical Temple
  4978 | Temple   | Became a worshipper of Hepliaklqana the Forgotten
  5922 | D:6      | Noticed Eustachio
  5992 | D:7      | Reached skill level 9 in Stealth
  6002 | D:7      | Noticed Maggie
  6008 | D:8      | Noticed Grum
  6291 | D:6      | Reached XP level 9. HP: 36/55 MP: 9/9
  7205 | D:6      | Found a snail-covered altar of Cheibriados.
  7224 | D:6      | Reached * piety under Hepliaklqana
  7400 | D:6      | Killed Eustachio
  7401 | D:6      | Reached skill level 10 in Stealth
  7675 | D:7      | Killed Maggie
  7676 | D:7      | Reached XP level 10. HP: 14/56 MP: 10/10
  7685 | D:7      | Slain by a sky beast

Illustrated notes

Levels and vault maps discovered:
D:1:      dpeg_arrival_houses_and_road, layout_loops_ring, serial_glass,
          glass_columns_a, glass_columns_b
D:2:      minmay_recursive_quarters, layout_basic, basic_altar, uniq_robin,
          uniq_sigmund
D:3:      layout_loops_cross, serial_shops, nicolae_shop_stone
D:4:      layout_loops_corners, serial_forest, infiniplex_forest_clump_medium,
          infiniplex_forest_clump_cross, infiniplex_forest_straight_4,
          infiniplex_forest_lined_2, minmay_fractal_squares_gapless_5
D:5:      layout_cave_pools, lemuel_crystal_altar, lemuel_crystal_altar,
          mainiacjoe_overflow_boulevard, minmay_temple_entry_offerings,
          gammafunk_ghost_cemetery
D:6:      layout_rooms, general_overflow_altar, uniq_eustachio
D:7:      layout_loops_ring, nicolae_ru_sacrificial_ziggurat,
          minmay_chambers_of_fives, uniq_maggie
D:8:      layout_loops_ring, good_gods_mini_temple, uniq_maurice, uniq_grum,
          uniq_erica
Temple:   dshaligram_water_room_temple

Skill      XL: |  1  2  3  4  5  6  7  8  9 |
---------------+----------------------------+-----
Short Blades   | 3 4 5 7 8 |  8.8
Dodging        | 3 4 6 7 |  7.8
Fighting       | 3 4 6 7 |  7.4
Stealth        | 6 7 8 9 10 | 10.7
Throwing       | |  2.1

Action                     |  1- 3 |  4- 6 |  7- 9 | 10-12 || total
---------------------------+-------+-------+-------+-------++-------
  Melee: Dagger            |    78 |   136 |   666 |       ||   880
         Punch             |     1 |     2 |    12 |       ||    15
    Use: Scroll            |       |       |     4 |       ||     4
         Potion            |       |       |     3 |       ||     3
   Stab: Sleeping          |    19 |    24 |    24 |       ||    67
 Armour: Robe              |    15 |    12 |    84 |       ||   111
         Leather armour    |       |       |    17 |     3 ||    20
  Dodge: Dodged            |    25 |    72 |   523 |       ||   620

Table legend: (Time is in decaauts)
 A = Elapsed time spent in this place.
 B = Non-inter-level travel time spent in this place.
 C = Inter-level travel time spent in this place.
 D = Time resting spent in this place.
 E = Time spent auto-exploring this place.
 F = Levels seen in this place.
 G = Mean time per level.
                   A        B        C        D        E       F      G
               +--------+--------+--------+--------+--------+-----+--------+
         Total |   7423 |   7236 |    187 |   1468 |   4186 |   9 |  824.8 |
       Dungeon |   7193 |   7028 |    165 |   1468 |   3996 |   8 |  899.1 |
        Temple |    229 |    207 |     22 |      0 |    190 |   1 |  229.0 |
               +--------+--------+--------+--------+--------+-----+--------+

Top non-repeatable levels by time:
     D:5: 1488 daAuts
     D:4: 1453 daAuts
     D:6: 1214 daAuts
     D:2: 1050 daAuts
     D:1: 861 daAuts
     D:3: 755 daAuts
     D:7: 367 daAuts
  Temple: 229 daAuts
     D:8: 1 daAuts
